 Dungeon Crawl Stone Soup version 0.27.1-33-g824d729ab1 (webtiles) character file.

Game seed: 4349226662525662408

58 jlumianski the Skirmisher (level 4, -1/29 HPs)
             Began as a Gargoyle Monk on Dec 11, 2021.
             Killed from afar by Robin (9 damage)
             ... with a puff of flame
             ... on level 2 of the Dungeon.
             The game lasted 00:04:23 (1179 turns).

jlumianski the Skirmisher (Gargoyle Monk)           Turns: 1179, Time: 00:04:24

Health: -1/29      AC: 12    Str: 15    XL:     4   Next: 1%
Magic:  4/4        EV:  7    Int: 11    God:
Gold:   24         SH:  0    Dex: 12    Spells: 3/3 levels left

rFire    . . .     SeeInvis .   a - +0 hand axe
rCold    . . .     Faith    .   (no shield)
rNeg     + . .     Spirit   .   j - +0 chain mail
rPois    ∞         Reflect  .   g - +0 helmet
rElec    +         Harm     .   (no cloak)
rCorr    .         Rampage  .   (no gloves)
Will     .....                  (no boots)
Stlth    ..........             (no amulet)
HPRegen  0.09/turn              (no ring)
MPRegen  0.09/turn              (no ring)

@: no status effects
A: sickness immunity, AC +3, negative energy resistance 1, electricity
resistance, torment resistance 1, petrification resistance
a: no special abilities


You were on level 2 of the Dungeon.
You visited 1 branch of the dungeon, and saw 2 of its levels.

You collected 24 gold pieces.

Inventory:

Hand Weapons
 a - a +0 hand axe (weapon)
 h - a +0 hunting sling
Missiles
 f - 13 stones (quivered)
Armour
 b - a +0 robe
 g - a +0 helmet (worn)
 j - a +0 chain mail (worn)
Jewellery
 c - a ring of flight
Scrolls
 e - a scroll of enchant weapon {unknown}
 k - a scroll of immolation {unknown}
Potions
 d - a potion of invisibility {unknown}
 i - a potion of cancellation {unknown}


   Skills:
 + Level 3.9 Fighting
 + Level 3.4 Axes
 + Level 2.8 Dodging
 + Level 2.4 Stealth


You had 3 spell levels left.
You didn't know any spells.
Your spell library was empty.

Dungeon Overview and Level Annotations

Branches:
Dungeon (2/15)

Altars:

Shops:
D:2 :(

Annotations:
D:2 Robin


Innate Abilities, Weirdness & Mutations

You are immune to sickness and miasma.
Your stone body is resilient. (AC +3)
You are immune to poison.
You resist negative energy. (rN+)
You are resistant to electric shocks. (rElec)
You are resistant to unholy torment.
You are immune to petrification.


Message History

You slash the hobgoblin!
You kill the hobgoblin!
You hit Robin. You hit the goblin but do no damage.
The goblin hits you with a +0 dagger.
Robin zaps a wand.
The puff of flame hits you but does no damage.
The goblin hits you but does no damage. Robin hits you but does no damage.
Things that are here:
a +3 scale mail; a +0 dagger; a hobgoblin corpse You miss the goblin.
The goblin is severely wounded.
The goblin no longer looks unusually strong.
The goblin hits you but does no damage. Robin throws the goblin at you!
You hit the goblin.
You kill the goblin!
Robin zaps a wand.
The puff of flame hits you but does no damage.
You have reached level 4!
You feel clever.
Okay, then.
Robin zaps a wand.
The puff of flame hits you!
You hit Robin but do no damage.
Robin is lightly wounded.
Robin hits you but does no damage.
You hit Robin.
Robin is moderately wounded.
Robin hits you but does no damage.
You barely miss Robin.
Robin is moderately wounded.
The hobgoblin no longer looks unusually strong.
Robin zaps a wand.
The puff of flame hits you.
* * * LOW HITPOINT WARNING * * *
You hit Robin.
Robin is heavily wounded.
Robin says, "Bow before me, strongest of all the hobgoblins!"
Robin roars a battlecry!
The goblins go into a battle-frenzy!
You hit Robin but do no damage.
Robin is heavily wounded.
Robin zaps a wand.
The puff of flame hits you!
You die...

...... ......
...... ......
########## ......
#.g..g.... ....).
##g####### #####
#g# #@# #.# #)# #.#
#.# #.#
##.################
#..................
###################


You could see Robin, a hobgoblin (strong) and a goblin (strong).

Vanquished Creatures
  Natasha (D:2)
  An adder (D:2)
  3 endoplasms (D:2)
  2 giant cockroaches (D:1)
  6 goblins
  3 hobgoblins
  2 kobolds (D:2)
  A ball python (D:1)
  2 bats
  A frilled lizard (D:2)
  3 rats (D:2)
25 creatures vanquished.

Notes
Turn   | Place    | Note
-------+----------+-------------------------------------------
     0 | D:1      | jlumianski the Gargoyle Monk began the quest for the Orb.
     0 | D:1      | Reached XP level 1. HP: 14/14 MP: 1/1
    85 | D:1      | Reached XP level 2. HP: 14/19 MP: 2/2
   301 | D:2      | Found Coweupit's Book Shop.
   485 | D:2      | Found Legip's Weapon Shoppe.
   543 | D:2      | Reached XP level 3. HP: 12/24 MP: 3/3
   907 | D:2      | Noticed Natasha
   919 | D:2      | Killed Natasha
  1157 | D:2      | Noticed Robin
  1174 | D:2      | Reached XP level 4. HP: 21/29 MP: 4/4
  1179 | D:2      | Killed from afar by Robin

Illustrated notes

Levels and vault maps discovered:
D:1:      mainiacjoe_arrival_reflecting_pool, layout_loops_ring, serial_glass,
          glass_columns_b, glass_columns_b, item_on_display_a, feat_on_display,
          feat_on_display, item_on_display_a
D:2:      layout_basic, serial_shops, shop, nicolae_diamond_shop, shop, shop,
          shop, uniq_terence, uniq_natasha, uniq_robin

Skill      XL: |  1  2 |
---------------+-------+-----
Axes           | 3 |  3.4
Fighting       | |  3.9
Dodging        | |  2.8
Stealth        | |  2.4

Action                   |  1- 3 |  4- 6 || total
-------------------------+-------+-------++-------
Melee: Hand axe          |    87 |     5 ||    92
 Fire: Hunting sling     |     6 |       ||     6
 Stab: Sleeping          |     1 |       ||     1
Armor: Robe              |    18 |       ||    18
       Chain mail        |    26 |     2 ||    28
Dodge: Dodged            |    60 |       ||    60
